 Dungeon Crawl Stone Soup version 0.16-a0-3496-g6490362 (webtiles) character file.

604 Charly the Chopper (level 7, 0/35 HPs)
             Began as a Vine Stalker Berserker on Jan 5, 2015.
             Was a Believer of Trog.
             Slain by a hound (3 damage)
             ... on level 7 of the Dungeon.
             The game lasted 00:13:44 (1137 turns).

Charly the Chopper (Vine Stalker Berserker)         Turns: 1137, Time: 00:13:45

Health: 0/35       AC:  2    Str: 19    XL:     7   Next: 42%
Magic:  0/9        EV: 12    Int:  7    God:    Trog [**....]
Gold:   133        SH:  0    Dex: 16    Spells: 0 memorised, 6 levels left

rFire  . . .     SeeInvis .     a - +0 hand axe
rCold  . . .     Clarity  .     b - +0 animal skin (curse)
rNeg   . . .     SustAb   .     (no shield)
rPois  .         Gourm    .     (no helmet)
rElec  .         Spirit   +     (no cloak)
rCorr  .         Warding  .     (no gloves)
rMut   .         Stasis   .     (no boots)
MR     .....                    (no amulet)
Stlth  ++........               (no ring)
                                o - ring of stealth

@: exhausted, not resistant to hostile enchantments, unstealthy
A: fangs 2, regeneration 2, magic shield, antimagic bite, no device heal 3, rot
immunity
a: Burn Spellbooks, Berserk, Trog's Hand, Renounce Religion


You were on level 7 of the Dungeon.
You worshipped Trog.
Trog was pleased with you.
You were not hungry.

You visited 1 branch of the dungeon, and saw 8 of its levels.

You collected 133 gold pieces.

Inventory:

Hand weapons
 a - a +0 hand axe (weapon)
Armour
 b - a cursed +0 animal skin (worn)
Jewellery
 o - a ring of stealth (left hand)
Scrolls
 e - a scroll of teleportation
 f - 3 scrolls of remove curse
 i - a scroll of immolation
 m - a scroll of fog {unknown}
 r - a scroll of recharging
Potions
 d - 3 potions of curing
 g - a potion of magic {unknown}
 h - a potion of agility {unknown}
 j - a potion of poison {unknown}
 l - a potion of heal wounds {unknown}
 q - 2 potions of restore abilities
 t - a potion of flight {unknown}
Books
 s - a book of Debilitation

   Spells                             Type                      Level
   a - Corona                         Hexes                        1
   b - Slow                           Hexes                        2
   c - Inner Flame                    Hexes/Fire                   3
   d - Enslavement                    Hexes                        4
   e - Cause Fear                     Hexes                        4
   f - Leda's Liquefaction            Hexes/Earth                  4
   Trog disapproves of the use of such an item.
Comestibles
 c - 2 bread rations


   Skills:
 - Level 2.6 Fighting
 + Level 7.6 Axes
 - Level 1.5 Armour
 - Level 1.5 Dodging


You had 6 spell levels left.
You didn't know any spells.

Dungeon Overview and Level Annotations

Branches:
Dungeon (8/15)
 Temple: D:4-7         Lair: D:8-11

Altars:


Innate Abilities, Weirdness & Mutations

You have extremely sharp teeth.
You heal very quickly.
When hurt, damage is shared between your health and your magic reserves.
Your bite disrupts and absorbs the magic of your enemies.
Potions and wands cannot restore your health.
You are immune to rotting.


Message History

Unknown command.
You hit the hound. You bite the hound. You drain its power.
You feel invigorated.
The hound is moderately wounded.
You hit the hobgoblin.
You kill the hobgoblin!
Trog accepts your kill. The hound bites you.
* * * LOW HITPOINT WARNING * * *
Adjust (i)tems, (s)pells, or (a)bilities?
Adjust which ability?
No such ability.
Use which ability? (? or * to list)
The spellbook bursts into flames.
Trog is delighted!
You feel slightly more hungry. The hound completely misses you.
The giant frog zombie is engulfed in roaring flames.
The giant frog zombie hits you.
* * * LOW HITPOINT WARNING * * *
The hound bites you.
You die...

...........##...........
...........##...).......
...........##...))..(...
#....O......##...........
#.......>.>.++.....?..)..
#.....[.....##...........
########O#+###...........
#Z#.#............#
#@#.#.............
#.h.'.............
###.#.............
#.###########... #.# #...
#.# ### #.# #.# ### ...
#.#


You could see an ogre, a hound and a giant frog zombie.

Vanquished Creatures
  Menkaure (D:6)
  A phantom (D:6)
  An ogre (D:7)
  2 scorpions
  An orc wizard (D:7)
  2 orc priests
  3 worker ants
  2 adders (D:3)
  2 giant geckos
  10 orcs
  A giant cockroach (D:6)
  6 goblins
  4 hobgoblins
  3 jackals (D:2)
  A kobold (D:8)
  5 bats
  4 giant newts
  2 rats
51 creatures vanquished.

Notes
Turn   | Place    | Note
--------------------------------------------------------------
     0 | D:1      | Charly, the Vine Stalker Berserker, began the quest for the Orb.
     0 | D:1      | Reached XP level 1. HP: 11/11 MP: 1/1
    92 | D:1      | Reached skill level 3 in Axes
   140 | D:1      | Reached XP level 2. HP: 16/16 MP: 3/3
   369 | D:3      | Reached XP level 3. HP: 17/19 MP: 4/4
   379 | D:3      | Reached skill level 4 in Axes
   481 | D:3      | Reached XP level 4. HP: 23/23 MP: 5/5
   598 | D:5      | Entered Level 5 of the Dungeon
   719 | D:6      | Acquired Trog's second power
   739 | D:6      | Noticed a phantom
   752 | D:6      | Noticed Menkaure
   762 | D:6      | Killed Menkaure
   762 | D:6      | Reached skill level 5 in Axes
   762 | D:6      | Reached XP level 5. HP: 18/27 MP: 7/7
   834 | D:6      | Killed a phantom
   834 | D:6      | Reached skill level 6 in Axes
   834 | D:6      | Gained mutation: You heal very quickly. [vine stalker growth]
   834 | D:6      | Reached XP level 6. HP: 17/32 MP: 5/8
   978 | D:7      | Reached skill level 7 in Axes
   978 | D:7      | Reached XP level 7. HP: 15/35 MP: 9/9
  1107 | D:8      | HP: 2/52 [scorpion (2)]
  1112 | D:8      | HP: 2/52 [poisoned by a worker ant]
  1137 | D:7      | Slain by a hound

Action                   |  1- 3 |  4- 6 |  7- 9 || total
-------------------------+-------+-------+-------++-------
Melee: Hand axe          |    64 |    47 |    36 ||   147
Invok: Berserk           |     1 |     2 |     1 ||     4
       Trog's Hand       |       |     3 |       ||     3
       Burn Spellbooks   |       |       |     1 ||     1
  Use: Scroll            |     1 |     3 |     3 ||     7
 Stab: Sleeping          |     1 |       |       ||     1
  Eat: Beef jerky        |       |     1 |       ||     1
       Chunk             |       |     2 |       ||     2
       Meat ration       |       |       |     1 ||     1
